[Event "42nd Olympiad Baku 2016 Open"]
[Site "Baku"]
[Date "2016.09.02"]
[Round "1.22"]
[White "Filippov, Anton"]
[Black "Pg, Md Omar Ak Hafizon"]
[Result "1-0"]
[ECO "C41"]
[WhiteElo "2582"]
[BlackElo "2168"]
[PlyCount "49"]
[EventDate "2016.??.??"]
[EventCountry "AZE"]
[WhiteTeam "Usbekistan"]
[BlackTeam "Brunei"]
[WhiteTeamCountry "UZB"]
[BlackTeamCountry "BRN"]
[TimeControl "40/5400+30:1800+30"]
[WhiteClock "0:22:51"]
[BlackClock "0:04:31"]

1. e4 {(00:00} d6 {(00:00} 2. d4 {(00:00} Nf6 {(
00:00} 3. Nc3 {(00:00} e5 {(00:31} 4. Nf3 {(00:00}
Nbd7 {(02:04} 5. Bc4 {(01:44} Be7 {(00:13} 6. O-O {
(00:07} O-O {(00:06} 7. Re1 {(00:15} a6 {(00:25]
} 8. a4 {(00:04} b6 {(00:33} 9. b3 {(02:19} Bb7 {
(00:55} 10. Bb2 {(00:26} c6 {(00:45} 11. Bd3 {(
00:05} Re8 {(01:50} 12. Ne2 {(03:13} d5 {(07:59} 13.
Ng3 {(10:05} dxe4 {(08:59} 14. Nxe4 {(01:35} Nxe4 {
(04:16} 15. Bxe4 {(01:09} exd4 {(02:31} 16. Nxd4 {
(04:06} Bf6 {(09:49} 17. Qf3 {(02:10} Qc7 {(00:
44} 18. Bc3 {(34:05} Rab8 {(11:07} 19. Nf5 {(04:32}
Bxc3 {(28:22} 20. Qxc3 {(00:17} f6 {(04:27} 21. Qc4+ {
(11:16} Kh8 {(01:13} 22. Qf7 {(00:35} Rg8 {(07:
27} 23. Nh6 {(00:15} Qd8 {(01:16} 24. Rad1 {(01:03}
Ne5 {(01:57} 25. Rxd8 {(00:18} 1-0

[Event "42nd Olympiad Baku 2016 Open"]
[Site "Baku"]
[Date "2016.09.02"]
[Round "1.26"]
[White "Flanagan, Mark"]
[Black "Saeed, Ishaq"]
[Result "0-1"]
[ECO "A46"]
[WhiteElo "1768"]
[BlackElo "2310"]
[PlyCount "78"]
[EventDate "2016.??.??"]
[EventCountry "AZE"]
[WhiteTeam "Bermuda"]
[BlackTeam "Vereinigte Arabische Emirate"]
[WhiteTeamCountry "BER"]
[BlackTeamCountry "UAE"]
[TimeControl "40/5400+30:1800+30"]
[WhiteClock "0:02:55"]
[BlackClock "0:08:02"]

1. d4 {(00:00} Nf6 {(02:31} 2. Nf3 {(00:10} e6 {
(00:34} 3. Bf4 {(00:50} b6 {(00:32} 4. e3 {(00:
56} Bb7 {(00:11} 5. Nbd2 {(00:57} Be7 {(01:45} 6. h3 {
(00:21} d6 {(01:32} 7. Be2 {(09:41} Nbd7 {(00:
59} 8. O-O {(02:50} h6 {(04:24} 9. Bh2 {(08:38} g5 {
(03:02} 10. Ne1 {(19:56} h5 {(00:58} 11. f3 {(
06:50} Nf8 {(07:42} 12. c4 {(05:17} Ng6 {(01:03} 13.
e4 {(08:37} g4 {(01:37} 14. d5 {(05:32} gxh3 {(
03:27} 15. gxh3 {(00:10} Bc8 {(00:41} 16. f4 {(04:00}
Rg8 {(29:16} 17. Kh1 {(02:11} Nh4 {(12:54} 18. dxe6 {
(04:02} fxe6 {(00:21} 19. Bxh5+ {(01:23} Nxh5 {(
00:57} 20. Qxh5+ {(00:09} Kd7 {(00:09} 21. Qb5+ {(03:
13} c6 {(00:23} 22. Qb3 {(00:23} c5 {(00:39} 23. Ndf3
{(00:32} Bb7 {(00:31} 24. Qe3 {(07:35} Qe8 {(04:
11} 25. Rd1 {(00:24} Qh5 {(03:05} 26. Ne5+ {(00:35}
Kc7 {(00:49} 27. Ng4 {(00:02} Qh7 {(08:41} 28. Nf2 {
(00:44} Nf5 {(00:19} 29. Qd3 {(00:42} Bh4 {(00:
24} 30. Nf3 {(00:58} Bxf2 {(00:29} 31. Rxf2 {(00:20}
Bxe4 {(00:15} 32. Qf1 {(03:54} Ne3 {(04:45} 33. Qe2 {
(00:35} Nxd1 {(00:08} 34. Qxd1 {(00:06} Qxh3 {(
00:14} 35. Qe2 {(00:57} Bc6 {(00:51} 36. Qd3 {(01:17}
Rg3 {(00:37} 37. f5 {(01:13} Bxf3+ {(00:18} 38. Qxf3 {
(00:30} Rxf3 {(00:07} 39. Rxf3 {(00:05} Qxf3+ {(
00:07} 0-1

[Event "42nd Olympiad Baku 2016 Open"]
[Site "Baku"]
[Date "2016.09.02"]
[Round "1.15"]
[White "Flores, Diego"]
[Black "Lorne, Malaku"]
[Result "1-0"]
[ECO "A26"]
[WhiteElo "2595"]
[BlackElo "2161"]
[PlyCount "103"]
[EventDate "2016.??.??"]
[EventCountry "AZE"]
[WhiteTeam "Argentinien"]
[BlackTeam "Jamaika"]
[WhiteTeamCountry "ARG"]
[BlackTeamCountry "JAM"]
[TimeControl "40/5400+30:1800+30"]
[WhiteClock "0:08:28"]
[BlackClock "0:12:20"]

1. c4 {(00:00} e5 {(00:03} 2. Nc3 {(00:36} Nc6 {
(00:35} 3. g3 {(00:27} g6 {(01:12} 4. Bg2 {(00:
23} Bg7 {(00:34} 5. d3 {(01:36} d6 {(01:07} 6. e4 {
(00:40} Nge7 {(01:11} 7. Nge2 {(01:06} O-O {(00:
52} 8. O-O {(00:45} f5 {(03:34} 9. Nd5 {(01:05} h6 {
(06:33} 10. f4 {(15:07} Nd4 {(16:14} 11. Nxd4 {(
05:19} exd4 {(00:24} 12. Nxe7+ {(13:39} Qxe7 {(00:25}
13. exf5 {(00:13} gxf5 {(01:35} 14. Re1 {(11:46} Qd8 {
(06:33} 15. b4 {(03:54} c6 {(03:21} 16. b5 {(03:
11} c5 {(06:38} 17. a4 {(04:31} Rb8 {(07:04} 18. Ra2 {
(08:51} Bd7 {(06:50} 19. Qh5 {(20:32} Be8 {(11:
18} 20. Bd5+ {(00:11} Kh7 {(02:15} 21. Qf3 {(00:11}
Qc7 {(01:26} 22. Rae2 {(01:45} Bf6 {(01:56} 23. Be6 {
(01:46} Bg6 {(05:08} 24. h4 {(00:21} Kh8 {(01:
00} 25. h5 {(01:31} Bh7 {(00:23} 26. Bd5 {(01:42} Qd7
{(02:19} 27. Kh2 {(00:32} Rfe8 {(03:52} 28. Bd2 {
(01:06} Rxe2+ {(02:40} 29. Rxe2 {(00:49} Bg8 {(
02:16} 30. Be1 {(00:47} Re8 {(02:24} 31. Rxe8 {(00:31}
Qxe8 {(00:08} 32. Bxg8 {(00:09} Kxg8 {(01:04} 33. Bf2 {
(00:48} Qd7 {(00:33} 34. a5 {(00:05} Bd8 {(00:
27} 35. a6 {(00:37} b6 {(02:17} 36. Qb7 {(00:47} Qf7 {
(01:08} 37. Qc8 {(00:33} Qxh5+ {(00:34} 38. Kg2 {
(00:01} Qe8 {(00:10} 39. Qxf5 {(00:14} Kg7 {(00:
24} 40. Qc8 {(00:00} h5 {(00:00} 41. Qb7+ {(07:33} Qe7
{(05:30} 42. Kf3 {(07:28} Kf6 {(03:14} 43. Qxe7+ {
(05:41} Bxe7 {(00:37} 44. g4 {(05:08} hxg4+ {(
04:08} 45. Kxg4 {(00:04} Ke6 {(01:24} 46. f5+ {(00:56}
Kd7 {(01:21} 47. Kf3 {(01:01} Bf6 {(03:55} 48. Ke4 {
(00:15} Bg7 {(00:36} 49. Kd5 {(00:27} Bf6 {(03:
08} 50. Bg3 {(00:13} Be7 {(00:21} 51. Bf4 {(00:26} Bf8
{(00:29} 52. f6 {(00:13} 1-0

[Event "42nd Olympiad Baku 2016 Open"]
[Site "Baku"]
[Date "2016.09.02"]
[Round "1.8"]
[White "Foo, Zhi Rong Benjamin"]
[Black "Orio, Rogelio L"]
[Result "0-1"]
[ECO "B07"]
[WhiteElo "2233"]
[BlackElo "1781"]
[PlyCount "69"]
[EventDate "2016.??.??"]
[EventCountry "AZE"]
[WhiteTeam "Singapur"]
[BlackTeam "GUM"]
[WhiteTeamCountry "SIN"]
[TimeControl "40/5400+30:1800+30"]
[WhiteClock "0:24:28"]
[BlackClock "0:22:45"]

1. e4 {(00:00} d6 {(00:10} 2. d4 {(00:00} Nf6 {(
00:53} 3. Nc3 {(00:04} g6 {(00:37} 4. Bg5 {(00:40} Bg7
{(00:40} 5. Qd2 {(00:11} c6 {(01:33} 6. f3 {(04:
11} h6 {(00:50} 7. Be3 {(00:23} g5 {(02:23} 8. Bc4 {
(10:28} Nbd7 {(02:56} 9. Bb3 {(03:51} Nb6 {(01:
40} 10. Nge2 {(03:17} d5 {(01:37} 11. Ng3 {(05:40} e6
{(02:01} 12. e5 {(01:58} Nfd7 {(02:55} 13. Nh5 {
(02:42} Bf8 {(00:13} 14. O-O-O {(03:52} a5 {(00:
16} 15. a3 {(00:37} Rb8 {(03:54} 16. Ne2 {(05:08} Nc4
{(01:58} 17. Bxc4 {(01:27} dxc4 {(00:16} 18. f4 {
(05:26} b5 {(05:51} 19. Rhf1 {(03:46} b4 {(00:
59} 20. a4 {(00:55} g4 {(01:55} 21. f5 {(02:04} exf5 {
(02:45} 22. Neg3 {(00:43} Nb6 {(02:02} 23. Nf6+ {
(02:04} Ke7 {(00:35} 24. d5 {(03:30} Nxd5 {(09:
15} 25. Bc5+ {(02:08} Ke6 {(00:18} 26. Qf2 {(01:16} f4
{(06:58} 27. Ngh5 {(13:23} Bxc5 {(02:50} 28. Qxc5 {
(00:44} Qc7 {(14:37} 29. Nxd5 {(00:50} Qxe5 {(
05:51} 30. Ndxf4+ {(00:55} Kf5 {(02:23} 31. Nd3+ {(00:
14} Kg6 {(00:39} 32. Nxe5+ {(00:09} Kxh5 {(01:08} 33.
Nxf7+ {(00:08} Kg6 {(00:27} 34. Nxh8+ {(00:11} Kg7 {
(00:50} 35. Rf7+ {(00:07} 0-1

[Event "42nd Olympiad Baku 2016 Open"]
[Site "Baku"]
[Date "2016.09.02"]
[Round "1.31"]
[White "Forbes, Garry"]
[Black "Barcenilla, Rogelio"]
[Result "0-1"]
[ECO "E90"]
[WhiteElo "1911"]
[BlackElo "2455"]
[PlyCount "58"]
[EventDate "2016.??.??"]
[EventCountry "AZE"]
[WhiteTeam "Kanalinseln"]
[BlackTeam "Philippinen"]
[WhiteTeamCountry "JCI"]
[BlackTeamCountry "PHI"]
[TimeControl "40/5400+30:1800+30"]
[WhiteClock "0:03:35"]
[BlackClock "0:48:52"]

1. d4 {(00:00} Nf6 {(00:00} 2. c4 {(00:00} g6 {(
00:00} 3. Nc3 {(00:00} Bg7 {(00:06} 4. e4 {(00:00} d6
{(00:05} 5. Nf3 {(00:15} O-O {(00:08} 6. h3 {(
00:13} e5 {(00:36} 7. d5 {(00:08} a5 {(02:32} 8. Be2 {
(01:53} Na6 9. Be3 {(04:29} Nh5 {(05:18} 10. g3 {
(00:36} f5 {(02:25} 11. exf5 {(01:12} gxf5 {(00:
28} 12. Nxe5 {(23:44} Nxg3 {(05:05} 13. fxg3 {(03:40}
Bxe5 {(04:36} 14. Rg1 {(02:46} Qe7 {(02:51} 15. Qd2 {
(08:48} Re8 {(01:53} 16. Bd4 {(04:41} Nb4 {(14:
36} 17. Bxe5 {(10:59} Qxe5 {(01:27} 18. Rg2 {(05:08}
Bd7 {(04:20} 19. O-O-O {(00:53} Re7 {(01:10} 20. a3 {
(09:35} Na6 {(00:49} 21. Bd3 {(00:51} Nc5 {(01:
04} 22. Bc2 {(01:22} Ne4 {(00:58} 23. Nxe4 {(00:29}
fxe4 {(00:08} 24. g4 {(00:47} e3 {(00:25} 25. Qe2 {
(04:29} Rf8 {(00:42} 26. h4 {(03:31} Rf4 {(00:
45} 27. Rd3 {(05:03} Rxc4 {(01:32} 28. Kb1 {(03:33}
Bb5 {(01:16} 29. Qe1 {(01:50} Rxc2 {(00:23} 0-1

[Event "42nd Olympiad Baku 2016 Open"]
[Site "Baku"]
[Date "2016.09.02"]
[Round "1.27"]
[White "Fressinet, Laurent"]
[Black "Lorenzana, Wilson Estuardo"]
[Result "1-0"]
[ECO "B43"]
[WhiteElo "2664"]
[BlackElo "2239"]
[PlyCount "59"]
[EventDate "2016.??.??"]
[EventCountry "AZE"]
[WhiteTeam "Frankreich"]
[BlackTeam "Guatemala"]
[WhiteTeamCountry "FRA"]
[BlackTeamCountry "GUA"]
[TimeControl "40/5400+30:1800+30"]
[WhiteClock "0:19:03"]
[BlackClock "0:00:59"]

1. e4 {(00:00} c5 {(00:00} 2. Nf3 {(00:00} e6 {(
00:22} 3. d4 {(00:00} cxd4 {(00:29} 4. Nxd4 {(00:03}
a6 {(01:13} 5. Nc3 {(00:06} Qc7 {(01:59} 6. Bd3 {
(00:14} Nf6 {(06:13} 7. Qe2 {(02:47} d6 {(01:16]
} 8. f4 {(01:25} Nbd7 {(03:55} 9. O-O {(03:15} Nc5 {
(08:09} 10. Nb3 {(10:35} Nxd3 {(01:16} 11. cxd3 {
(02:47} Be7 {(03:35} 12. e5 {(11:32} dxe5 {(20:
01} 13. fxe5 {(00:58} Nd5 {(01:42} 14. Bd2 {(10:43}
O-O {(09:26} 15. Rac1 {(03:18} Qd8 {(00:14} 16. Ne4 {
(03:37} Bd7 {(04:18} 17. Rf3 {(06:19} f5 {(06:
55} 18. exf6 {(03:04} Nxf6 {(00:17} 19. Ba5 {(06:41}
b6 {(02:48} 20. Bc3 {(01:43} Nxe4 {(04:03} 21. Qxe4 {
(05:07} Rxf3 {(00:35} 22. Qxf3 {(00:05} Rc8 {(
01:24} 23. Rf1 {(02:35} Qe8 {(06:52} 24. Qe3 {(01:19}
Qg6 {(08:41} 25. Rf3 {(03:23} Bd6 {(02:07} 26. Be5 {
(02:30} Bxe5 {(00:43} 27. Qxe5 {(00:05} Bc6 {(
00:14} 28. Rg3 {(00:44} Qf7 {(00:31} 29. Rxg7+ {(00:55]
} Qxg7 {(04:13} 30. Qxe6+ {(00:07} 1-0

[Event "42nd Olympiad Baku 2016 Open"]
[Site "Baku"]
[Date "2016.09.02"]
[Round "1.8"]
[White "Fridman, Daniel"]
[Black "Sajjapornthep, Jarunpol"]
[Result "1-0"]
[ECO "A30"]
[WhiteElo "2618"]
[BlackElo "1909"]
[PlyCount "93"]
[EventDate "2016.??.??"]
[EventCountry "AZE"]
[WhiteTeam "Deutschland"]
[BlackTeam "Thailand"]
[WhiteTeamCountry "GER"]
[BlackTeamCountry "THA"]
[TimeControl "40/5400+30:1800+30"]
[WhiteClock "1:17:36"]
[BlackClock "0:16:37"]

1. c4 {(00:00} c5 {(00:00} 2. Nf3 {(00:00} Nf6 {
(00:30} 3. Nc3 {(00:00} g6 {(01:03} 4. d4 {(00:
09} cxd4 {(01:14} 5. Nxd4 {(00:06} Bg7 {(00:56} 6. e4
{(00:19} d6 {(02:08} 7. Be2 {(00:08} Nc6 {(00:
58} 8. Be3 {(00:54} O-O {(02:34} 9. O-O {(00:05} Nxd4
{(08:23} 10. Bxd4 {(00:14} Nd7 {(03:35} 11. Bxg7 {
(00:47} Kxg7 {(00:08} 12. Qd4+ {(00:12} Kg8 {(
00:18} 13. Rad1 {(00:43} Qb6 {(00:57} 14. Nd5 {(00:15}
Qd8 {(01:12} 15. f4 {(00:55} Nb6 {(10:43} 16. Nc3 {
(02:53} Qc7 {(02:54} 17. b4 {(01:00} Be6 {(20:
55} 18. c5 {(00:29} Rac8 {(05:54} 19. Nb5 {(11:02}
dxc5 {(01:21} 20. Qe3 {(03:08} Qb8 {(02:48} 21. bxc5 {
(00:06} Nc4 {(10:55} 22. Qf2 {(00:07} Na5 {(04:
20} 23. Nd4 {(07:47} Bc4 {(01:32} 24. Bxc4 {(00:45}
Nxc4 {(00:10} 25. Rc1 {(00:44} Na5 {(05:22} 26. e5 {
(04:21} e6 {(02:55} 27. Nb5 {(07:49} b6 {(01:58]
} 28. cxb6 {(01:26} axb6 {(04:24} 29. Nd6 {(00:07} Rxc1
{(00:53} 30. Rxc1 {(00:08} b5 {(00:28} 31. Rc5 {
(03:03} Qb6 {(00:57} 32. Rxb5 {(01:06} Qxf2+ {(
00:07} 33. Kxf2 {(00:09} Nc6 {(00:31} 34. a4 {(07:14}
f6 {(01:26} 35. exf6 {(02:00} Rxf6 {(00:17} 36. Rb6 {
(01:16} Na5 {(00:54} 37. Ke3 {(01:38} Rf8 {(01:
12} 38. Ke4 {(00:39} Ra8 {(00:52} 39. Ke5 {(00:25} Ra7
{(00:25} 40. Kxe6 {(00:00} Kg7 {(00:00} 41. g4 {
(00:45} Ra8 {(05:37} 42. f5 {(00:18} gxf5 {(04:
57} 43. gxf5 {(00:06} Rf8 {(00:42} 44. Ke7 {(00:09}
Nc4 {(03:55} 45. f6+ {(00:08} Kg6 {(02:07} 46. Nxc4 {
(00:11} Rf7+ {(00:56} 47. Ke8 {(00:08} 1-0

[Event "42nd Olympiad Baku 2016 Open"]
[Site "Baku"]
[Date "2016.09.02"]
[Round "1.7"]
[White "Gajadin, Dewperkash"]
[Black "Stojanovic, Dalibor"]
[Result "0-1"]
[ECO "B20"]
[WhiteElo "2027"]
[BlackElo "2505"]
[PlyCount "58"]
[EventDate "2016.??.??"]
[EventCountry "AZE"]
[WhiteTeam "Surinam"]
[BlackTeam "Bosnien  Herzegowina"]
[WhiteTeamCountry "SUR"]
[BlackTeamCountry "BIH"]
[TimeControl "40/5400+30:1800+30"]
[WhiteClock "0:00:53"]
[BlackClock "0:38:50"]

1. e4 {(00:00} c5 {(00:00} 2. c4 {(01:07} Nc6 {(
00:54} 3. Nf3 {(00:26} d6 {(01:09} 4. d4 {(02:21} Bg4
{(03:07} 5. d5 {(04:27} Bxf3 {(05:16} 6. gxf3 {(
17:46} Nd4 {(04:46} 7. Bh3 {(02:53} Nf6 {(05:39} 8. b4
{(10:16} e5 {(04:33} 9. dxe6 {(20:51} Nxe6 {(03:
32} 10. Nc3 {(08:30} Be7 {(05:12} 11. Rb1 {(13:50}
cxb4 {(11:53} 12. Nd5 {(02:26} Nxd5 {(01:42} 13. cxd5 {
(00:26} Nc5 {(00:05} 14. Rxb4 {(05:47} O-O {(02:
41} 15. O-O {(01:25} Re8 {(01:18} 16. Bb2 {(01:56} Bf6
{(00:26} 17. Bg2 {(03:23} Bxb2 {(03:14} 18. Rxb2 {
(00:01} Qf6 {(00:47} 19. Rb5 {(00:53} Rac8 {(00:
49} 20. Qd2 {(00:32} Rc7 {(01:26} 21. Rfb1 {(00:40} b6
{(00:28} 22. Kh1 {(00:26} Rec8 {(04:33} 23. Rg1 {
(00:24} Nd7 {(00:44} 24. Rb2 {(00:30} Ne5 {(00:
06} 25. f4 {(00:37} Nc4 {(00:05} 26. e5 {(00:31} dxe5
{(00:35} 27. fxe5 {(00:26} Qxe5 {(00:14} 28. d6 {
(00:37} Nxd2 {(00:20} 29. dxc7 {(00:10} Qxb2 {(
00:06} 0-1

[Event "42nd Olympiad Baku 2016 Open"]
[Site "Baku"]
[Date "2016.09.02"]
[Round "1.9"]
[White "Galego, Luis"]
[Black "Joseph, Elton"]
[Result "1-0"]
[ECO "C02"]
[WhiteElo "2458"]
[BlackElo "1842"]
[PlyCount "125"]
[EventDate "2016.??.??"]
[EventCountry "AZE"]
[WhiteTeam "Portugal"]
[BlackTeam "Bahamas"]
[WhiteTeamCountry "POR"]
[BlackTeamCountry "BAH"]
[TimeControl "40/5400+30:1800+30"]
[WhiteClock "0:09:07"]
[BlackClock "0:04:22"]

1. e4 {(00:00} c5 {(00:08} 2. Nf3 {(00:00} Nc6 {
(00:44} 3. c3 {(00:42} e6 {(07:24} 4. d4 {(00:
46} d5 {(02:25} 5. e5 {(01:03} c4 {(02:50} 6. b3 {
(06:12} b5 {(03:43} 7. a4 {(01:58} Qa5 {(05:27}
8. Bd2 {(09:29} a6 {(07:33} 9. b4 {(11:10} Qb6 {
(08:09} 10. a5 {(07:08} Qc7 {(03:40} 11. g3 {(
00:04} Bd7 {(00:23} 12. Bg2 {(00:11} O-O-O {(00:28}
13. Ng5 {(02:03} Be8 {(01:36} 14. f4 {(00:12} h6 {
(02:17} 15. Nf3 {(00:30} g6 {(03:05} 16. Na3 {(
05:05} Na7 {(02:13} 17. Nc2 {(00:07} Ne7 {(02:12} 18.
Qe2 {(01:48} Bg7 {(01:48} 19. g4 {(00:54} Bd7 {(
03:41} 20. O-O-O {(00:36} Rdf8 {(02:17} 21. Rdf1 {(01:
46} Nac6 {(01:53} 22. Kb2 {(01:21} Kb8 {(00:55} 23.
Ne3 {(00:40} Qc8 {(00:47} 24. Be1 {(01:32} Rhg8 {
(03:37} 25. h4 {(02:33} Rh8 {(03:24} 26. h5 {(
00:24} Qe8 {(01:18} 27. Bd2 {(09:08} Kc7 {(02:00} 28.
Qe1 {(01:31} Kb7 {(01:57} 29. Qg3 {(10:24} Kc8 {
(01:45} 30. Re1 {(01:47} Rhg8 {(04:32} 31. Qh2 {
(00:56} Rh8 {(00:23} 32. Rhf1 {(00:48} Kb7 {(01:
32} 33. Nh4 {(06:12} g5 {(09:36} 34. fxg5 {(00:30}
hxg5 {(00:18} 35. Nf3 {(00:03} f6 {(03:09} 36. exf6 {
(00:13} Bxf6 {(00:29} 37. Nd1 {(03:53} Rfg8 {(
01:48} 38. Nf2 {(01:12} Qd8 {(01:27} 39. Nh3 {(00:58}
Nc8 {(01:32} 40. Qg3 {(00:00} Rh7 {(00:00} 41. Re2 {
(01:36} Re7 {(03:06} 42. Rfe1 {(04:04} Rf7 {(02:
41} 43. Re3 {(08:59} Be7 {(01:05} 44. R3e2 {(05:57}
Bf6 {(01:48} 45. Rf1 {(01:32} Be7 {(00:33} 46. Qe1 {
(02:49} Nd6 {(04:32} 47. Ne5 {(00:35} Nxe5 {(03:
41} 48. Rxe5 {(00:15} Rxf1 {(01:39} 49. Qxf1 {(00:05}
Rf8 {(02:34} 50. Qe1 {(00:24} Bf6 {(00:26} 51. Bxg5 {
(08:44} Nf7 {(03:43} 52. Bxf6 {(00:14} Qxf6 {(
00:09} 53. Re2 {(03:31} Kc6 {(05:25} 54. Qg3 {(00:58}
Rg8 {(01:49} 55. Nf4 {(01:15} Qg5 {(01:34} 56. Ng6 {
(01:02} Re8 {(01:16} 57. Qf4 {(01:18} e5 {(02:
35} 58. Qxg5 {(02:13} Nxg5 {(00:20} 59. Rxe5 {(00:11}
Rxe5 {(02:10} 60. Nxe5+ {(00:06} Kd6 {(00:21} 61. Nxd7
{(00:12} Kxd7 {(00:27} 62. Bxd5 {(00:04} Kc7 {(
00:19} 63. h6 1-0

[Event "42nd Olympiad Baku 2016 Open"]
[Site "Baku"]
[Date "2016.09.02"]
[Round "1.8"]
[White "Garcia Paolicchi, Raul"]
[Black "Robson, Ray"]
[Result "0-1"]
[ECO "D85"]
[WhiteElo "2153"]
[BlackElo "2674"]
[PlyCount "88"]
[EventDate "2016.??.??"]
[EventCountry "AZE"]
[WhiteTeam "Andorra"]
[BlackTeam "Vereinigte Staaten"]
[WhiteTeamCountry "AND"]
[BlackTeamCountry "USA"]
[TimeControl "40/5400+30:1800+30"]
[WhiteClock "0:21:34"]
[BlackClock "0:23:00"]

1. d4 Nf6 2. c4 g6 3. Nc3 d5 4. cxd5 {[%emt 1:32:00} Nxd5 {(01:22} 5.
e4 {(00:00} Nxc3 {(00:13} 6. bxc3 {(00:00} Bg7 {
(00:21} 7. Bg5 {(00:00} c5 {(07:25} 8. Rc1 {(00:
00} O-O {(01:42} 9. Nf3 {(00:00} Bg4 {(07:45} 10. d5 {
(00:00} Qd6 {(06:33} 11. Be2 {(00:00} Nd7 {(13:
43} 12. Nd2 {(00:00} Bxe2 {(04:13} 13. Qxe2 {(00:00}
e6 {(01:22} 14. dxe6 {(00:00} Qxe6 {(00:36} 15. Rc2 {
(00:00} c4 {(18:15} 16. O-O {(00:00} Nc5 {(08:
10} 17. Rb1 {(00:00} h6 {(06:49} 18. Bf4 {(00:00} g5 {
(03:41} 19. Be3 {(00:00} Nxe4 {(01:14} 20. Qxc4 {
(00:00} Qxc4 {(00:29} 21. Nxc4 {(00:00} b6 {(06:
36} 22. Bd4 {(00:00} Rac8 {(01:44} 23. Re1 {(00:00}
Rxc4 {(02:15} 24. Rxe4 {(00:00} Rd8 {(01:05} 25. Ree2 {
(00:00} Bxd4 {(00:41} 26. cxd4 {(00:00} Rdxd4 {(
00:17} 27. f3 {(00:00} Rxc2 {(00:38} 28. Rxc2 {(00:00}
h5 {(00:33} 29. Kf2 {(00:00} Kg7 {(03:44} 30. Ke3 {
(03:03} Ra4 {(00:07} 31. Kd3 {(00:27} h4 {(01:
53} 32. h3 {(01:16} b5 {(01:14} 33. Re2 {(00:32} Kg6 {
(00:26} 34. Kc3 {(01:19} a5 {(00:28} 35. Kb3 {(
00:51} Rb4+ {(00:27} 36. Kc3 {(01:08} Kf5 {(00:40} 37.
Kd3 {(03:40} Kf4 {(00:25} 38. Rc2 {(00:27} Rc4 {
(01:13} 39. Rb2 {(01:04} Rc5 {(00:00} 40. Kd4 {(
00:00} Re5 {(00:52} 41. Kd3 {(03:02} Rd5+ {(05:46} 42.
Ke2 {(01:41} Kg3 {(02:25} 43. Ke3 {(01:43} b4 {(
01:00} 44. Rc2 {(08:13} f5 {(00:38} 0-1

[Event "42nd Olympiad Baku 2016 Open"]
[Site "Baku"]
[Date "2016.09.02"]
[Round "1.1"]
[White "Gascon Del Nogal, Jose Rafael"]
[Black "Tajedine, Sidi Mohamed"]
[Result "1-0"]
[ECO "B99"]
[WhiteElo "2436"]
[BlackElo "1796"]
[PlyCount "37"]
[EventDate "2016.??.??"]
[EventCountry "AZE"]
[WhiteTeam "Venezuela"]
[BlackTeam "MTN"]
[WhiteTeamCountry "VEN"]
[TimeControl "40/5400+30:1800+30"]
[WhiteClock "1:34:27"]
[BlackClock "0:40:50"]

1. e4 {(00:00} c5 {(00:36} 2. Nf3 {(00:00} d6 {(
00:39} 3. d4 {(00:00} cxd4 {(00:15} 4. Nxd4 {(00:00}
Nf6 {(00:17} 5. Nc3 {(00:00} a6 {(00:45} 6. Bg5 {
(00:02} e6 {(01:11} 7. f4 {(00:18} Be7 {(01:17}
8. Qf3 {(01:53} Qc7 {(01:42} 9. O-O-O {(00:11} Nbd7 {
(01:35} 10. Bd3 {(00:08} b5 {(01:50} 11. Rhe1 {(
00:09} b4 {(00:28} 12. Nd5 {(00:21} exd5 {(06:59} 13.
exd5 {(00:08} Ne5 {(08:25} 14. fxe5 {(00:44} dxe5 {
(08:16} 15. d6 {(00:29} Bxd6 {(18:36} 16. Bxf6 {
(00:15} Bb7 {(03:28} 17. Be4 {(00:12} Bxe4 {(01:
21} 18. Qxe4 {(00:07} O-O {(00:30} 19. Nf5 {(00:06}
1-0

[Event "42nd Olympiad Baku 2016 Open"]
[Site "Baku"]
[Date "2016.09.02"]
[Round "1.4"]
[White "Gasimov, Parviz"]
[Black "Thomson, Craig S M"]
[Result "1-0"]
[ECO "C44"]
[WhiteElo "2323"]
[BlackElo "2284"]
[PlyCount "32"]
[EventDate "2016.??.??"]
[EventCountry "AZE"]
[WhiteTeam "Aserbeidschan"]
[BlackTeam "Schottland"]
[WhiteTeamCountry "AZE"]
[BlackTeamCountry "SCO"]
[TimeControl "40/5400+30:1800+30"]
[WhiteClock "1:09:22"]
[BlackClock "0:42:26"]

1. e4 {(00:00} e5 {(00:00} 2. Nf3 {(00:00} Nc6 {
(00:12} 3. d4 {(00:09} exd4 {(10:22} 4. Nxd4 {(
00:08} Nxd4 {(03:41} 5. Qxd4 {(03:32} d6 {(05:16} 6.
Nc3 {(01:33} Be6 {(03:55} 7. Be3 {(05:14} a6 {(
02:28} 8. O-O-O {(03:52} Qf6 {(08:57} 9. Qd2 {(03:54}
h6 {(02:39} 10. f4 {(03:16} O-O-O {(03:59} 11. f5 {
(05:09} Bd7 {(01:18} 12. Nd5 {(00:37} Qe5 {(02:
54} 13. Qa5 {(00:29} b6 {(06:26} 14. Qxa6+ {(00:25}
Kb8 {(01:43} 15. Bxb6 {(00:11} Bc6 {(01:27} 16. Qa7+ {
(00:09} Kc8 {(00:17} 1-0

[Event "42nd Olympiad Baku 2016 Open"]
[Site "Baku"]
[Date "2016.09.02"]
[Round "1.22"]
[White "Gauci, Joseph"]
[Black "Parligras, Mircea-Emilian"]
[Result "0-1"]
[ECO "A46"]
[WhiteElo "2151"]
[BlackElo "2595"]
[PlyCount "76"]
[EventDate "2016.??.??"]
[EventCountry "AZE"]
[WhiteTeam "Malta"]
[BlackTeam "Rumänien"]
[WhiteTeamCountry "MLT"]
[BlackTeamCountry "ROU"]
[TimeControl "40/5400+30:1800+30"]
[WhiteClock "0:11:16"]
[BlackClock "0:02:06"]

1. d4 {(00:00} Nf6 {(00:00} 2. Nf3 {(00:00} d5 {
(00:00} 3. c4 {(00:02} e6 {(00:08} 4. g3 {(00:
17} Bb4+ {(00:29} 5. Bd2 {(00:55} Bd6 {(00:24} 6. Bg2
{(01:45} O-O {(00:36} 7. Qc2 {(07:44} c6 {(00:
49} 8. O-O {(00:19} Nbd7 {(01:30} 9. Rd1 {(02:39} Qe7
{(05:01} 10. Nc3 {(04:43} dxc4 {(02:15} 11. e4 {
(00:37} e5 {(00:43} 12. Bg5 {(07:50} h6 {(05:07]
} 13. Bxf6 {(00:46} Qxf6 {(05:12} 14. dxe5 {(04:20}
Nxe5 {(01:15} 15. Nxe5 {(01:14} Bxe5 {(07:02} 16. Rd2 {
(04:14} Bg4 {(07:50} 17. f4 {(10:01} Bd4+ {(09:
14} 18. Kh1 {(01:26} Be3 {(08:44} 19. e5 {(01:00} Qf5
{(09:33} 20. Qxf5 {(08:36} Bxf5 {(03:55} 21. Re2 {
(03:52} Bd4 {(01:39} 22. Ne4 {(01:04} Rfd8 {(05:
13} 23. Rc1 {(03:16} b5 {(05:36} 24. Bf3 {(03:42} Rab8
{(02:46} 25. Kg2 {(01:13} c5 {(08:31} 26. h4 {(
03:02} h5 {(02:51} 27. Rcc2 {(05:14} g6 {(01:02} 28.
Nf6+ {(01:00} Kf8 {(01:15} 29. Be4 {(00:14} Be6 {
(00:57} 30. Nh7+ {(01:49} Ke7 {(00:44} 31. Ng5 {
(00:17} Bg4 {(01:12} 32. Bf3 {(00:25} Bf5 {(00:
40} 33. Be4 {(00:11} Bc8 {(01:29} 34. e6 {(04:31} f5 {
(00:39} 35. Bf3 {(00:42} Rd6 {(00:28} 36. Rc1 {(
05:41} Bb7 {(00:27} 37. Rce1 {(02:55} Bxf3+ {(00:31}
38. Kxf3 {(00:08} Rbb6 {(01:07} 0-1